 Dungeon Crawl Stone Soup version 0.30-a0-1160-g6e42c06551 (webtiles) character file.

Game seed: 3688388507295643200

11308 lorenzova the Thaumaturge (level 11, -2/54 HPs)
             Began as a Deep Elf Conjurer on Apr 25, 2023.
             Was a Follower of Vehumet.
             Killed by divine providence
             ... invoked by a balrug
              (13 damage)
             ... on level 4 of the Abyss.
             The game lasted 00:36:55 (11098 turns).

lorenzova the Thaumaturge (Deep Elf Conjurer)      Turns: 11098, Time: 00:36:55

Health: -2/54      AC:  7    Str: 10    XL:     11   Next: 47%
Magic:  18/30      EV: 11    Int: 30    God:    Vehumet [*.....]
Gold:   757        SH:  0    Dex: 10    Spells: 6/37 levels left

rFire   . . .        v - +5 war axe "Lioluym" {drain, Str+3}
rCold   + . .        (no shield)
rNeg    + . .        y - +4 Cigotuvi's embrace {Corpsefed rMiasma Drain rN+}
rPois   .            (no helmet)
rElec   .            (no cloak)
rCorr   .            (no gloves)
SInv    +            (no boots)
Will    +....        k - amulet of magic regeneration
Stlth   +++          m - ring of protection from cold
HPRegen 0.29/turn    l - ring of Huhucwy {Str+3 Int+2 Dex-3 SInv Stlth+}
MPRegen 0.62/turn

%: no passive effects
@: no status effects
A: no striking features
a: Renounce Religion


You were on level 4 of the Abyss.
You worshipped Vehumet.
Vehumet was aware of your devotion.
You visited 2 branches of the dungeon, and saw 12 of its levels.
You visited the Abyss 1 time.
You also visited: Bailey.

You collected 779 gold pieces.
You spent 22 gold pieces at shops.

Inventory:

Hand Weapons
 h - a +0 vampiric spear
 v - the +5 war axe "Lioluym" (weapon) {drain, Str+3}
   (You found it on level 6 of the Dungeon)

   Str:       It affects your strength (+3).
Armour
 a - a +0 robe
 y - the +4 Cigotuvi's embrace (worn) {Corpsefed rMiasma Drain rN+}
   (You took it off a kobold in a bailey)

   Corpsefed: It gathers nearby corpses to temporarily increase the armour it
   provides.
   rMiasma:   It protects you from foul pestilence.
   rN:        It protects you from negative energy.
   Drain:     It drains your maximum health when unequipped.
Magical Staves
 C - a staff of earth
Jewellery
 f - a +5 ring of evasion
 k - an amulet of magic regeneration (around neck)
 l - the ring of Huhucwy (right hand) {Str+3 Int+2 Dex-3 SInv Stlth+}
   (You found it on level 3 of the Dungeon)

   [ring of see invisible]

   Str:       It affects your strength (+3).
   Int:       It affects your intelligence (+2).
   Dex:       It affects your dexterity (-3).
   SInv:      It lets you see invisible.
   Stlth:     It makes you more stealthy.
 m - a ring of protection from cold (left hand)
 x - an amulet of faith
 z - a +6 ring of intelligence
 A - a +6 ring of strength
Wands
 i - a wand of paralysis (14)
Scrolls
 d - 5 scrolls of teleportation
 e - 2 scrolls of amnesia
 j - 3 scrolls of fog
 n - 3 scrolls of vulnerability
 o - a scroll of summoning
 r - 2 scrolls of magic mapping
 s - 2 scrolls of fear
 w - a scroll of torment {unknown}
 D - a scroll of immolation {unknown}
Potions
 b - a potion of magic
 c - 5 potions of haste
 g - 2 potions of curing
 p - a potion of flight
 q - a potion of resistance
 t - a potion of lignification {unknown}
 u - a potion of invisibility {unknown}
 B - a potion of brilliance {unknown}
 E - a potion of mutation


   Skills:
 - Level 2.4 Dodging
 - Level 2.4 Stealth
 * Level 13.8 Spellcasting
 * Level 12.6 Conjurations
 + Level 5.9 Hexes
 + Level 4.9 Translocations
 * Level 7.1 Fire Magic
 + Level 4.4 Air Magic


You had 6 spell levels left.
You knew the following spells:

 Your Spells              Type           Power      Damage    Failure   Level
a - Magic Dart            Conj           100%       1d8       1%          1
b - Searing Ray           Conj           100%       2d8       1%          2
c - Iskenderun's Mystic   Conj/Tloc      65%        2d13      1%          4
d - Fulminant Prism       Conj/Hex       33%        3d16      1%          4
f - Fireball              Conj/Fire      34%        3d14      1%          5
k - Swiftness             Air            47%        N/A       1%          3
o - Orb of Destruction    Conj           38%        9d11      16%         7
q - Iskenderun's Battles  Conj           77%        2d13      1%          5

Your spell library contained the following spells:

 Spells                   Type           Power      Damage    Failure   Level
 Shock                    Conj/Air       100%       1d9       1%          1
 Slow                     Hex            100%       N/A       1%          1
 Ensorcelled Hibernation  Hex/Ice        76%        N/A       1%          2
 Confusing Touch          Hex            54%        N/A       1%          3
 Dazzling Flash           Conj/Hex       100%       N/A       1%          3
 Passwall                 Tmut/Erth      16%        N/A       4%          2
 Vampiric Draining        Necr           20%        2d7       10%         3
 Conjure Ball Lightning   Conj/Air       32%        3x3d10    14%         6
 Animate Dead             Necr           20%        N/A       32%         4
 Alistair's Intoxication  Tmut/Pois      13%        N/A       65%         5
 Borgnjor's Vile Clutch   Necr/Erth      10%        N/A       65%         5
 Death Channel            Necr           10%        N/A       99%         6
 Eringya's Noxious Bog    Tmut/Pois      10%        N/A       99%         6


Dungeon Overview and Level Annotations

Branches:
Dungeon (11/15)            Temple (1/1) D:4             Orc (0/2) D:9
 Bailey (visited)
   Lair: D:8-11

Altars:
Ashenzari
Cheibriados
Dithmenos
Elyvilon
Fedhas
Gozag
Hepliaklqana
Kikubaaqudgha
Makhleb
Nemelex Xobeh
Okawaru
Qazlal
Ru
Sif Muna
Trog
Uskayaw
Vehumet
Wu Jian
Yredelemnul
The Shining One

Shops:
D:2 ***   D:5 *   D:6 *   D:11 (

Annotations:
D:4 exclusion: downstairs
D:10 3 runed translucent doors, Stil's ghost, journeyman DsIE


Message History

The living lightning hits your battlesphere.
Your battlesphere completely resists.
The living lightning hits the raiju.
The raiju completely resists.
The raiju blinks!
Unknown command.
Unknown command.
Casting: Iskenderun's Mystic Blast (dangerous; 1% risk of failure)
Confirm with . or Enter, or press ? or * to list all spells.
You erupt in a blast of force!
The mystic blast hits the raiju!
The raiju is heavily wounded.
The raiju is knocked back by the mystic blast.
The raiju slams into the rock wall!
The raiju is severely wounded.
Your battlesphere fires!
The barrage of energy hits the raiju!!
The raiju is almost dead.
The raiju bites your battlesphere. The raiju shocks your battlesphere.
Your battlesphere completely resists.
Unknown command.
Unknown command.
A balrug comes into view.
It is wielding a +2 demon whip of flaming.
Casting: Iskenderun's Mystic Blast (dangerous; 1% risk of failure)
Confirm with . or Enter, or press ? or * to list all spells.
You erupt in a blast of force!
The mystic blast hits the balrug!
The balrug is lightly wounded.
The balrug is knocked back by the mystic blast.
The balrug slams into the rock wall!
The balrug is lightly wounded.
The mystic blast hits the raiju!!
You kill the raiju!
Vehumet accepts your kill.
Your battlesphere fires!
The barrage of energy hits the raiju!
You kill the raiju!
Vehumet accepts your kill.
You can now gain magical power from killing.
Vehumet offers you knowledge of Shock. The balrug gestures at you.
Something smites you!
You die...

.. ... ##.
#.# ..P#.#
#### .#.####
....>..h...#
#### #.##.
#.##.#
#*##.#
#@##.# .
#####.# .#
2.# .# ..
######.# . .
#.# #.# .
#.# #. #.#


You could see a balrug, a raiju and a friendly battlesphere.

Vanquished Creatures
  Erica (D:10)
  2 large abominations
  4 ugly things (D:10)
  An oklob plant (Abyss:3)
  A gargoyle (D:11)
  2 trolls
  A hornet (D:9)
  2 raiju (Abyss:4)
  Sigmund (D:6)
  3 flying skulls (Abyss:4)
  A wraith (D:10)
  6 yaks (D:10)
  2 fire bats (Abyss:4)
  A steam dragon (D:6)
  An acid dragon (D:10)
  2 water moccasins (D:5)
  11 orc warriors
  2 black bears (D:5)
  2 ice beasts
  2 ogres (D:6)
  3 centaurs (D:9)
  A phantom (D:7)
  7 kobold brigands (Bailey)
  A gnoll sergeant (D:9)
  7 bullfrogs
  4 scorpions
  11 killer bees
  4 crimson imps (Abyss:4)
  2 orc priests
  A hound (D:4)
  2 jellies (D:6)
  2 gnoll boudas
  An iron imp (Abyss:3)
  3 iguanas
  8 orc wizards
  13 gnolls
  2 adders
  3 white imps
  An ufetubus (D:7)
  46 orcs
  3 ball pythons
  9 bats
  7 endoplasms
  A giant cockroach (D:1)
  17 goblins
  4 hobgoblins
  11 kobolds
  2 quokkas
  3 frilled lizards
  5 rats
232 creatures vanquished.

Vanquished Creatures (others)
  2 fulminant prisms (D:10)
2 creatures vanquished.

Grand Total: 234 creatures vanquished

Notes
Turn   | Place    | Note
-------+----------+-------------------------------------------
     0 | D:1      | lorenzova the Deep Elf Conjurer began the quest for the
                  | Orb.
     0 | D:1      | Reached XP level 1. HP: 10/10 MP: 6/6
     2 | D:1      | Noticed a troll
     2 | D:1      | Noticed a spriggan
     4 | D:1      | Noticed a demigod
     6 | D:1      | Noticed a vampire
     6 | D:1      | Noticed a meteoran
     9 | D:1      | Noticed a demonspawn
     9 | D:1      | Noticed an armataur
    11 | D:1      | Noticed a human
    11 | D:1      | Noticed an elf
    13 | D:1      | Noticed a tengu
    13 | D:1      | Noticed a gargoyle
    15 | D:1      | Noticed an octopode
    17 | D:1      | Noticed a naga
    17 | D:1      | Noticed a vine stalker
    19 | D:1      | Noticed a formicid
    19 | D:1      | Noticed a draconian
    21 | D:1      | Noticed a minotaur
    23 | D:1      | Noticed a merfolk
    23 | D:1      | Noticed a felid
    25 | D:1      | Noticed a naga
    25 | D:1      | Noticed an ogre
    27 | D:1      | Noticed a vampire
    27 | D:1      | Noticed a human
   325 | D:1      | Reached skill level 5 in Conjurations
   325 | D:1      | Reached XP level 2. HP: 15/15 MP: 0/8
   396 | D:1      | Learned a level 2 spell: Searing Ray
   672 | D:1      | Reached XP level 3. HP: 19/19 MP: 6/9
   952 | D:2      | Found Dill's General Store.
  1089 | D:2      | Found Huuppiud's General Store.
  1191 | D:2      | Bought a scroll of identify for 22 gold pieces
  1286 | D:2      | Found Arokhy's General Store.
  1646 | D:3      | Reached XP level 4. HP: 24/24 MP: 6/11
  1663 | D:3      | Reached skill level 4 in Spellcasting
  1682 | D:3      | Identified the ring of Huhucwy {Str+3 Int+2 Dex-3 SInv
                  | Stlth+}
  2629 | D:4      | Found a staircase to the Ecumenical Temple.
  2639 | Temple   | Entered the Ecumenical Temple
  2878 | D:4      | Reached XP level 5. HP: 28/28 MP: 9/13
  3195 | D:5      | Entered Level 5 of the Dungeon
  3235 | D:5      | Reached skill level 5 in Spellcasting
  3255 | D:5      | Noticed a black bear
  3550 | D:5      | Noticed a black bear
  3556 | D:5      | Killed a black bear
  3557 | D:5      | Reached XP level 6. HP: 26/32 MP: 10/16
  3819 | D:5      | Noticed a water moccasin
  3829 | D:5      | Killed a water moccasin
  3830 | D:5      | Reached skill level 6 in Spellcasting
  3941 | D:5      | Found an ornate altar of the Wu Jian Council.
  4120 | D:5      | Found Tomybemu's Serpentskin Sales.
  4125 | D:5      | Noticed a water moccasin
  4136 | D:5      | Killed a water moccasin
  4137 | D:5      | Reached XP level 7. HP: 27/36 MP: 14/19
  4347 | D:5      | Reached skill level 7 in Spellcasting
  4684 | D:6      | Reached skill level 8 in Spellcasting
  4694 | D:6      | Noticed Sigmund
  4725 | D:6      | Killed Sigmund
  4726 | D:6      | Reached XP level 8. HP: 31/41 MP: 15/22
  5173 | D:6      | Reached skill level 9 in Spellcasting
  5287 | D:6      | Found a sacrificial altar of Ru.
  5910 | D:6      | Found Farim's Elemental Accessories.
  5963 | D:6      | Reached skill level 10 in Spellcasting
  5983 | D:6      | Identified the +5 war axe "Lioluym" {drain, Str+3}
  6096 | D:6      | Reached skill level 10 in Conjurations
  6578 | D:6      | Reached skill level 11 in Spellcasting
  6578 | D:6      | Reached XP level 9. HP: 34/45 MP: 20/26
  6711 | D:6      | Learned a level 4 spell: Iskenderun's Mystic Blast
  6716 | D:6      | Learned a level 4 spell: Fulminant Prism
  6722 | D:6      | Learned a level 5 spell: Iskenderun's Battlesphere
  6726 | D:6      | Learned a level 3 spell: Swiftness
  6732 | D:6      | Learned a level 5 spell: Fireball
  6913 | D:7      | Reached skill level 1 in Fire Magic
  7013 | D:7      | Reached skill level 1 in Hexes
  7319 | D:8      | You fall into a shaft and drop 3 floors!
  7381 | D:10     | Entered Level 10 of the Dungeon
  7416 | D:10     | Noticed Erica
  7442 | D:10     | Found a runed translucent gate.
  7442 | D:10     | Found a runed translucent gate.
  7442 | D:10     | Found a runed translucent gate.
  7442 | D:10     | Noticed a white ugly thing
  7442 | D:10     | Noticed a purple ugly thing
  7442 | D:10     | Noticed a purple ugly thing
  7446 | D:10     | Noticed a white ugly thing
  7672 | D:9      | Found a flagged portal.
  7679 | D:9      | Reached skill level 1 in Translocations
  7679 | D:9      | Reached skill level 1 in Air Magic
  7740 | Bailey   | Entered a bailey
  8072 | Bailey   | HP: 2/45 [poisoned by a kobold brigand]
  8301 | Bailey   | Reached skill level 12 in Spellcasting
  8585 | Bailey   | Found an iron altar of Okawaru.
  8929 | D:9      | Reached XP level 10. HP: 50/50 MP: 21/28
  9025 | D:9      | Found a staircase to the Orcish Mines.
  9763 | D:10     | Found a sparkling altar of Nemelex Xobeh.
  9776 | D:10     | Reached skill level 5 in Fire Magic
  9840 | D:10     | Found a shadowy altar of Dithmenos.
  9842 | D:10     | Found a white marble altar of Elyvilon.
  9918 | D:10     | Killed Erica
  9919 | D:10     | Reached skill level 13 in Spellcasting
 10019 | D:10     | Found a radiant altar of Vehumet.
 10034 | D:10     | Became a worshipper of Vehumet
 10148 | D:10     | Killed a cyan ugly thing
 10149 | D:10     | Reached skill level 5 in Hexes
 10153 | D:10     | Killed a brown ugly thing
 10154 | D:10     | Reached XP level 11. HP: 54/54 MP: 3/30
 10156 | D:10     | Killed a white ugly thing
 10161 | D:10     | Killed a white ugly thing
 10222 | D:10     | Learned a level 7 spell: Orb of Destruction
 10225 | D:10     | Found a runed translucent gate.
 10225 | D:10     | Found a runed translucent gate.
 10230 | D:10     | Found a runed translucent gate.
 10230 | D:10     | Noticed Stil's ghost (journeyman DsIE)
 10696 | D:11     | Found Loecze's Antique Weapon Emporium.
 10820 | D:11     | Noticed a wizard
 10822 | Abyss:3  | Found a corrupted altar of Lugonu.
 10822 | Abyss:3  | Cast into level 3 of the Abyss (a wizard)
 10857 | Abyss:3  | Noticed a large abomination
 10864 | Abyss:3  | Killed a large abomination
 10870 | Abyss:3  | Noticed an oklob plant
 10873 | Abyss:3  | Killed an oklob plant
 10874 | Abyss:3  | Noticed a starcursed mass
 10874 | Abyss:3  | Noticed a wizard
 10895 | Abyss:4  | Found a corrupted altar of Lugonu.
 10901 | Abyss:4  | Noticed a large abomination
 10931 | Abyss:4  | HP: 1/54 [large abomination (25)]
 10932 | Abyss:4  | Killed a large abomination
 10961 | Abyss:4  | Noticed an oklob plant
 10973 | Abyss:4  | Found a corrupted altar of Lugonu.
 11097 | Abyss:4  | Noticed a balrug
 11098 | Abyss:4  | Reached * piety under Vehumet
 11098 | Abyss:4  | Offered knowledge of Shock by Vehumet.
 11098 | Abyss:4  | Killed from afar by a balrug

Illustrated notes

Levels and vault maps discovered:
D:1:      kb_arrival_jail, layout_rooms
D:2:      layout_loops_cross, serial_shops, shop, shop, nicolae_shop_waterfront
D:3:      layout_basic
D:4:      layout_gridville, minmay_temple_entry_trees, columned_hall_lemuel
D:5:      layout_basic, nicolae_wu_jian_wuxing_cycle, guppyfry_shop_venom
D:6:      layout_loops_corners, hangedman_ru_absence, nicolae_elemental_shop,
          hangedman_abyss_or_decor_jellyfish_corner, nicolae_hexahallways,
          minmay_ogre_servants, uniq_sigmund
D:7:      layout_basic, zin_treasury, serial_rivers,
          chequers_serial_rivers_micro_d, chequers_serial_rivers_micro_b,
          chequers_serial_rivers_micro_c, chequers_serial_rivers_small_3,
          chequers_serial_rivers_large_a, serial_shops, nicolae_shop_stone
D:8:      layout_cave_pools, xom_confusion_cloud, dpeg_oklobed_lair
D:9:      layout_basic, hiddenorc2_lemuel, enter_bailey_5
D:10:     layout_basic, vehumet_crystals, grunt_temple_overflow_open,
          ploomutoo_gammafunk_ghost_potion_laboratory, uniq_erica
D:11:     cheibrodos_statue_roulette, layout_gridville, serial_shops, shop,
          uniq_josephine
Temple:   jpeg_temple_clearing
Abyss:4:  base: D:3, evilmike_abyss_exit_vortex, guppyfry_abyss_exit_imp_island,
          evilmike_abyss_exit_vortex, evilmike_abyss_rune_siren_acolytes

Skill      XL: |  1  2  3  4  5  6  7  8  9 10 11 |
---------------+----------------------------------+-----
Conjurations   | 5 6 7 8 9 10 11 12 | 12.6
Spellcasting   | 4 5 6 8 11 12 13 | 13.8
Fire Magic     | 3 6 7 |  7.1
Hexes          | 3 5 |  5.9
Translocations | 2 4 |  4.9
Air Magic      | 2 3 4 |  4.4
Dodging        | |  2.4
Stealth        | |  2.4

Action                     |  1- 3 |  4- 6 |  7- 9 | 10-12 || total
---------------------------+-------+-------+-------+-------++-------
  Melee: Spear             |     1 |     1 |       |       ||     2
         War axe           |       |       |     1 |     1 ||     2
   Cast: Magic Dart        |    61 |    53 |   138 |   100 ||   352
         Searing Ray       |     1 |    18 |    29 |       ||    48
         Iskenderun's Batt |       |       |    16 |    24 ||    40
         Iskenderun's Myst |       |       |     5 |    26 ||    31
         Fulminant Prism   |       |       |       |     2 ||     2
         Fireball          |       |       |       |     7 ||     7
         Swiftness         |       |       |       |     1 ||     1
    Use: Scroll            |     6 |     4 |     4 |     2 ||    16
         Potion            |       |     1 |       |     2 ||     3
 Armour: Robe              |     1 |     2 |     2 |       ||     5
         Leather armour    |       |       |     2 |     4 ||     6
  Dodge: Dodged            |     3 |     8 |    28 |    12 ||    51

Table legend: (Time is in decaauts)
 A = Elapsed time spent in this place.
 B = Non-inter-level travel time spent in this place.
 C = Inter-level travel time spent in this place.
 D = Time resting spent in this place.
 E = Time spent auto-exploring this place.
 F = Levels seen in this place.
 G = Mean time per level.
                   A        B        C        D        E       F      G
               +--------+--------+--------+--------+--------+-----+--------+
         Total |  11116 |  10775 |    341 |   3526 |   5155 |  15 |  741.1 |
       Dungeon |   9788 |   9464 |    324 |   2732 |   5076 |  11 |  889.8 |
        Temple |     86 |     69 |     17 |      0 |     55 |   1 |   86.0 |
         Abyss |    276 |    276 |      0 |     72 |      0 |   2 |  138.0 |
        Bailey |    964 |    964 |      0 |    722 |     24 |   1 |  964.0 |
               +--------+--------+--------+--------+--------+-----+--------+

Top non-repeatable levels by time:
     D:6: 2058 daAuts
     D:9: 1242 daAuts
     D:5: 1142 daAuts
  Bailey: 964 daAuts
     D:4: 952 daAuts
     D:1: 870 daAuts
     D:3: 869 daAuts
     D:2: 725 daAuts
    D:10: 691 daAuts
    D:11: 619 daAuts
     D:7: 617 daAuts
 Abyss:4: 214 daAuts
  Temple: 86 daAuts
 Abyss:3: 62 daAuts
